 Dungeon Crawl Stone Soup version 0.28-a0-589-g333b8329f1 (webtiles) character file.

Game seed: 7887694746210138884

99 sanka the Distorting Palentonga (level 4, -2/37 HPs)
             Began as a Palentonga Abyssal Knight on Oct 3, 2021.
             Was a Believer of Lugonu.
             Slain by an ufetubus (3 damage)
             ... on level 3 of the Dungeon.
             The game lasted 00:04:06 (2502 turns).

sanka the Distorting Palentonga (PaAK)              Turns: 2502, Time: 00:04:07

Health: -2/37      AC:  2    Str: 18    XL:     4   Next: 45%
Magic:  7/7        EV:  9    Int: 10    God:    Lugonu [**....]
Gold:   71         SH:  0    Dex: 10    Spells: 3/3 levels left

rFire   + . .      SeeInvis +   a - +1 hand axe
rCold   . . .      Faith    .   (no shield)
rNeg    . . .      Spirit   .   b - +0 leather armour
rPois   .          Reflect  .   g - +2 hat
rElec   .          Harm     .   (no cloak)
rCorr   .          Rampage  .   (no gloves)
Will    .....                   (no barding)
Stlth   +.........              (no amulet)
HPRegen 0.12/turn               o - +4 ring of slaying
MPRegen 0.10/turn               m - ring of protection from fire

@: corroded
A: large, rugged brown scales 3, see invisible, deformed body, roll 1, armoured
tail
a: Rolling Charge, Renounce Religion, Depart the Abyss, Bend Space


You were on level 3 of the Dungeon.
You worshipped Lugonu.
Lugonu was pleased with you.
You visited 1 branch of the dungeon, and saw 3 of its levels.
You visited the Abyss 1 time.

You collected 71 gold pieces.


Innate Abilities, Weirdness & Mutations

You are completely covered in rugged brown scales. (AC +3, +7% HP)
You have supernaturally acute eyesight. (SInv)
Armour fits poorly on your strangely shaped body.
You can roll at nearby foes to attack.
You have a long armoured tail.


   Skills:
 - Level 3.0 Fighting
 + Level 2.3 Axes
 - Level 1.5 Armour
 - Level 0.7 Dodging
 + Level 4.9 Invocations


You had 3 spell levels left.
You didn't know any spells.
Your spell library contained the following spells:

 Spells                   Type           Power      Damage    Failure   Level
 Slow                     Hex            0%         N/A       56%         2
 Confusing Touch          Hex            0%         N/A       80%         3
 Vampiric Draining        Necr           0%         2d6       80%         3
 Olgreb's Toxic Radiance  Pois           0%         N/A       99%         4
 Ozocubu's Refrigeration  Ice            0%         4d5       100%        7
 Ignition                 Fire           0%         3d3       100%        8

Inventory:

Hand Weapons
 a - a +1 hand axe (weapon)
 e - a +0 dagger of draining
Missiles
 f - 6 javelins
Armour
 b - a +0 leather armour (worn)
 g - a +2 hat (worn)
Jewellery
 m - a ring of protection from fire (right hand)
 o - a +4 ring of slaying (left hand)
Scrolls
 i - a scroll of vulnerability {unknown}
 k - 2 scrolls of identify {unknown}
 l - a scroll of holy word {unknown}
 n - 2 scrolls of magic mapping {unknown}
Potions
 c - a potion of degeneration {unknown}
 d - a potion of haste {unknown}
 h - a potion of flight {unknown}
 j - a potion of heal wounds {unknown}

Dungeon Overview and Level Annotations

Branches:
Dungeon (3/15)

Altars:

▒▒...▒▒ ▒▒....▒
▒▒▒▒▒▒▒▒▒▒▒▒▒▒▒....£▒▒▒.......
............▒▒.......▒........
▒▒▒.▒▒▒.▒▒▒.▒▒.........)......
▒ ▒.▒ ▒.▒ ▒.▒▒.......▒.▒▒.....
▒ ▒.▒ ▒.▒ ▒.▒▒▒.....▒▒... ...
▒ ▒.▒ ▒.▒ ▒.▒ ▒▒...▒▒▒▒▒▒▒ . ▒
▒.▒▒▒.▒▒▒.▒ ▒.5.▒ ▒.........▒
▒H..▒ ▒▒▒▒▒.▒▒▒▒▒ ▒▒.▒▒ ▒.▒
▒.▒ ▒.▒ ▒▒.▒▒▒▒▒▒ ▒▒▒▒.▒
▒..>....▒ ▒▒.▒▒.▒ ▒.▒▒▒▒▒.▒
▒▒▒...▒.▒▒▒▒▒▒▒▒.▒
.................▒
▒▒▒...▒.▒▒▒▒▒▒▒▒.▒


You could see an ufetubus.


Message History

The ufetubus closely misses you. The ufetubus hits you.
The ufetubus hits you but does no damage.
The ufetubus barely misses you.
You hit the ufetubus.
Your tail-slap misses the ufetubus.
The ufetubus is moderately wounded.
The ufetubus hits you. The ufetubus hits you.
* * * LOW HITPOINT WARNING * * *
The ufetubus hits you.
* * * LOW HITPOINT WARNING * * *
The ufetubus completely misses you.
a - a +1 hand axe (weapon)
The ufetubus closely misses you. The ufetubus hits you.
* * * LOW HITPOINT WARNING * * *
You closely miss the ufetubus.
The ufetubus is moderately wounded.
The ufetubus closely misses you. The ufetubus hits you.
* * * LOW HITPOINT WARNING * * *
The ufetubus hits you but does no damage.
The ufetubus hits you.
* * * LOW HITPOINT WARNING * * *
The ufetubus hits you.
* * * LOW HITPOINT WARNING * * *
The ufetubus barely misses you. The ufetubus hits you.
You die...

Action                   |  1- 3 |  4- 6 || total
-------------------------+-------+-------++-------
Melee: Hand axe          |    52 |     1 ||    53
       Tailslap          |     7 |     2 ||     9
       Dagger            |    30 |     5 ||    35
 Abil: Rolling Charge    |    11 |       ||    11
Armor: Leather armour    |    35 |     2 ||    37
Dodge: Dodged            |    37 |    11 ||    48

Levels and vault maps discovered:
D:1:      wander_arrival_lonely_grave, layout_loops_ring,
          shapermc_ecumenical_altar_mp_urbaneastern, serial_glass,
          glass_columns_c, glass_columns_a, glass_columns_a, glass_columns_a,
          nrook_loot_triangle
D:2:      layout_basic, chequers_serial_rivers_marsh, uniq_jessica
D:3:      layout_loops_corners, minmay_rat_hole, uniq_grinder

Notes
Turn   | Place    | Note
-------+----------+-------------------------------------------
     0 | Abyss:1  | sanka the Palentonga Abyssal Knight began the quest for the
                  | Orb.
     0 | Abyss:1  | Reached XP level 1. HP: 19/19 MP: 2/2
    31 | D:1      | Escaped the Abyss
   355 | D:1      | Reached XP level 2. HP: 25/25 MP: 4/4
   424 | D:1      | Reached skill level 3 in Invocations
   593 | D:1      | Found a faded altar of an unknown god.
  1512 | D:2      | Noticed Jessica
  1520 | D:2      | Killed Jessica
  1521 | D:2      | Reached skill level 4 in Invocations
  1521 | D:2      | Reached XP level 3. HP: 20/31 MP: 4/6
  1734 | D:2      | Reached ** piety under Lugonu
  2313 | D:3      | Reached XP level 4. HP: 37/37 MP: 7/7
  2497 | D:3      | HP: 3/37 [ufetubus (4)]
  2500 | D:3      | HP: 1/37 [ufetubus (2)]
  2502 | D:3      | Slain by an ufetubus

Vanquished Creatures
  A jelly (D:3)
  Jessica (D:2)
  An adder (D:3)
  A dart slug (D:2)
  3 ball pythons
  5 bats
  2 endoplasms (D:1)
  A giant cockroach (D:1)
  A hobgoblin (D:2)
  5 kobolds
  2 quokkas (D:1)
  2 frilled lizards (D:1)
  3 goblins
  6 rats
34 creatures vanquished.

Vanquished Creatures (others)
  2 fungi (D:1)
  3 plants (D:1)
5 creatures vanquished.

Grand Total: 39 creatures vanquished
